 Dungeon Crawl Stone Soup version 0.29-a0-839-g4793fd635e (webtiles) character file.

Game seed: 11373159456894254058

70 Majang the Ducker (level 4, -1/28 HPs)
             Began as a Kobold Gladiator on July 14, 2022.
             Killed by divine providence
             ... invoked by an orc priest
              (14 damage)
             ... on level 3 of the Dungeon.
             The game lasted 00:05:10 (2124 turns).

Majang the Ducker (Kobold Gladiator)                Turns: 2124, Time: 00:05:10

Health: -1/28      AC:  4    Str: 11    XL:     4   Next: 44%
Magic:  4/4        EV: 15    Int:  9    God:
Gold:   99         SH:  0    Dex: 18    Spells: 3/3 levels left

rFire   . . .      SeeInvis .   a - +0 long sword
rCold   . . .      Faith    .   (no shield)
rNeg    . . .      Spirit   .   h - +0 leather armour
rPois   .          Reflect  .   c - +0 helmet
rElec   .          Harm     .   (no cloak)
rCorr   .          Rampage  .   (no gloves)
Will    .....                   (no boots)
Stlth   ++........              (no amulet)
HPRegen 0.09/turn               (no ring)
MPRegen 0.09/turn               (no ring)

@: no status effects
A: small, no large weapons, nightstalker 3
a: no special abilities


You were on level 3 of the Dungeon.
You visited 1 branch of the dungeon, and saw 3 of its levels.

You collected 99 gold pieces.

Inventory:

Hand Weapons
 a - a +0 long sword (weapon)
 b - a +1 antimagic dagger
 n - a +0 short sword of venom
Missiles
 d - 3 throwing nets (quivered)
 e - 2 boomerangs
Armour
 c - a +0 helmet (worn)
 h - a +0 leather armour (worn)
Scrolls
 f - 3 scrolls of identify {unknown}
 g - a scroll of acquirement {unknown}
 j - a scroll of teleportation {unknown}
 k - a scroll of immolation {unknown}
Potions
 i - a potion of curing {unknown}
 l - a potion of attraction {unknown}
 m - a potion of brilliance {unknown}


   Skills:
 + Level 3.2 Fighting
 * Level 3.6 Long Blades
 - Level 2.1 Throwing
 - Level 3.6 Dodging


You had 3 spell levels left.
You didn't know any spells.
Your spell library was empty.

Dungeon Overview and Level Annotations

Branches:
Dungeon (3/15)

Altars:

Shops:
D:1 !


Innate Abilities, Weirdness & Mutations

You are small and have problems with some larger weapons.
You are completely attuned to the shadows.


Message History

There is a stone staircase leading up here.
The orc misses you.
You hit the orc.
The orc is severely wounded.
The orc hits you with a +0 war axe.
You hit the orc but do no damage.
The orc is severely wounded.
The orc barely misses you.
You hit the orc.
You kill the orc!
An orc comes into view.
It is wielding a +0 short sword of venom.
You catch the helpless orc completely off-guard!
You hit the orc.
The orc is severely wounded.
The orc hits you but does no damage.
You are poisoned.
You closely miss the orc.
The orc is severely wounded.
You feel very sick. The orc hits you but does no damage. x2
You are more poisoned.
You slash the orc!
You kill the orc!
You feel very sick.
You feel sick.
Things that are here:
a +0 short sword of venom; a +0 leather armour; a +0 war axe
n - a +0 short sword of venom You feel sick.
You start resting.
You feel sick. x2
An orc priest comes into view. It is wielding a +0 mace.
You feel sick.
You feel sick.
You feel sick.
You are no longer poisoned.
There is a stone staircase leading up here.
The orc priest invokes the aid of Beogh against you.
Beogh smites you!
Ouch! That really hurt!
You die...

#..
#.#+#
#.#.#
#.#.#
#@#.#
##..#
#.##
#o#
#...o#
######


You could see an orc priest.

Vanquished Creatures
  An adder (D:2)
  A worm (D:2)
  4 dart slugs
  2 orcs (D:3)
  5 ball pythons
  4 bats
  3 endoplasms (D:1)
  2 giant cockroaches (D:1)
  6 goblins
  5 hobgoblins
  2 kobolds
  7 frilled lizards
  5 rats
47 creatures vanquished.

Notes
Turn   | Place    | Note
-------+----------+-------------------------------------------
     0 | D:1      | Majang the Kobold Gladiator began the quest for the Orb.
     0 | D:1      | Reached XP level 1. HP: 12/12 MP: 1/1
   143 | D:1      | Reached XP level 2. HP: 15/18 MP: 2/2
   570 | D:1      | Found Dagefith's Distillery.
   623 | D:1      | Reached XP level 3. HP: 20/22 MP: 3/3
  1054 | D:1      | Found a faded altar of an unknown god.
  1513 | D:2      | Reached XP level 4. HP: 12/28 MP: 4/4
  2124 | D:3      | Killed from afar by an orc priest

Illustrated notes

Levels and vault maps discovered:
D:1:      dpeg_arrival_houses_and_road, layout_basic, serial_shops, shop,
          shapermc_ecumenical_altar_mp_highgroup, minmay_misc_feat_square
D:2:      layout_basic, grunt_decor_fettered
D:3:      layout_basic

Skill      XL: |  1  2  3 |
---------------+----------+-----
Long Blades    | 3 |  3.6
Fighting       | 3 |  3.2
Throwing       | |  2.1
Dodging        | |  3.6

Action                   |  1- 3 |  4- 6 || total
-------------------------+-------+-------++-------
Melee: Long sword        |    73 |    33 ||   106
 Stab: Sleeping          |    13 |     3 ||    16
       Distracted        |       |     1 ||     1
Armor: Leather armour    |     9 |    11 ||    20
Dodge: Dodged            |    39 |    19 ||    58

Table legend: (Time is in decaauts)
 A = Elapsed time spent in this place.
 B = Non-inter-level travel time spent in this place.
 C = Inter-level travel time spent in this place.
 D = Time resting spent in this place.
 E = Time spent auto-exploring this place.
 F = Levels seen in this place.
 G = Mean time per level.
                   A        B        C        D        E       F      G
               +--------+--------+--------+--------+--------+-----+--------+
         Total |   2149 |   2099 |     50 |    252 |   1515 |   3 |  716.3 |
       Dungeon |   2149 |   2099 |     50 |    252 |   1515 |   3 |  716.3 |
               +--------+--------+--------+--------+--------+-----+--------+

Top non-repeatable levels by time:
     D:1: 1429 daAuts
     D:2: 700 daAuts
     D:3: 20 daAuts
